 Dungeon Crawl Stone Soup version 0.31.0-11-ge490571c62 (webtiles) character file.

Game seed: 7757607685439436013

50 Gadfly the Trooper (level 3, -6/29 HPs)
             Began as a Demonspawn Monk on Jan 28, 2024.
             Mangled by a gnoll
             ... wielding a +0 spear
              (7 damage)
             ... on level 2 of the Dungeon.
             The game lasted 00:01:54 (1276 turns).

Gadfly the Trooper (Demonspawn Monk)                Turns: 1276, Time: 00:01:54

Health: -6/29      AC:  2    Str: 13    XL:     3   Next: 55%
Magic:  3/3        EV: 13    Int: 10    God:
Gold:   60         SH:  0    Dex: 15    Spells: 2/2 levels left

rFire   . .          .
                       - Unarmed
rCold   . . .        c - orb {light}
rNeg    . . .        a - +0 robe
rPois   .            (no helmet)
rElec   .            (no cloak)
rCorr   .            (no gloves)
SInv    .            (no boots)
Will    .....        (no amulet)
Stlth   +            (no ring)
HPRegen 0.24/turn    (no ring)
MPRegen 0.08/turn

%: no passive effects
@: glowing
A: spiny 1
a: no special abilities


You were on level 2 of the Dungeon.
You visited 1 branch of the dungeon, and saw 2 of its levels.

You collected 60 gold pieces.

Inventory:

Armour
 a - a +0 robe (worn)
 c - an orb of light (worn)
Scrolls
 d - a scroll of teleportation {unknown}
Potions
 e - a potion of heal wounds {unknown}
 f - a potion of curing {unknown}


   Skills:
 - Level 3.0 Fighting
 + Level 3.0 Dodging
 + Level 2.9 Unarmed Combat
 * Level 1.7 Evocations
 * Level 1.3 Shapeshifting


You had 2 spell levels left.
You didn't know any spells.
Your spell library was empty.

Dungeon Overview and Level Annotations

Branches:
Dungeon (2/15)

Altars:

Shops:
D:1 *


Innate Abilities, Weirdness & Mutations

You are partially covered in sharp spines.


Message History

You are too injured to fight recklessly!
You are too injured to fight recklessly!
You are too injured to fight recklessly!
You are too injured to fight recklessly!
You are too injured to fight recklessly!
You are too injured to fight recklessly!
You are too injured to fight recklessly!
You are too injured to fight recklessly!
You are too injured to fight recklessly!
You are too injured to fight recklessly!
You are too injured to fight recklessly!
You are too injured to fight recklessly!
Unknown command.
The endoplasm attacks as it pursues you!
The endoplasm closely misses you. The endoplasm hits you.
The gnoll attacks as it pursues you!
The gnoll hits you from afar with a +0 spear.
* * * LOW HITPOINT WARNING * * *
The gnoll attacks as it pursues you! The gnoll is struck by your spines.
The gnoll hits you with a +0 flail.
* * * LOW HITPOINT WARNING * * *
You are confused.
You feel invigorated. The gnoll barely misses you.
The gnoll closely misses you.
You bump into the rock wall.
The gnoll hits you with a +0 flail.
* * * LOW HITPOINT WARNING * * *
The gnoll hits you but does no damage.
You hit the gnoll but do no damage.
The gnoll is lightly wounded.
The gnoll is struck by your spines. The gnoll barely misses you. x2
You hit the gnoll.
The gnoll is heavily wounded.
You feel less invigorated.
You feel less confused. The gnoll hits you with a +0 flail!
The gnoll hits you from afar with a +0 spear!
* * * LOW HITPOINT WARNING * * *
The gnoll attacks as it pursues you!
The gnoll hits you from afar with a +0 spear!
You die...

#.#.# ##.#.# .....# .#.### ##
.#.# .# .#.# ### .# .#.# ##.##
#.##
.#.#####.#.############...###.
....#...###.....@gg.Jg!.......
.........#.#########g.....##
....#.##..............)#.##
.####.###.########.......# .#
#.# ### #...........# .# #.#
#.#.......#.# .# #.#
#.###...#.# # .# ... # #...#.#
.# .. ##..#.#


You could see 4 gnolls and an endoplasm.

Vanquished Creatures
  A gnoll (D:1)
  A dart slug (D:1)
  3 ball pythons (D:1)
  10 endoplasms
  A giant cockroach (D:1)
  5 goblins
  3 hobgoblins (D:1)
  2 kobolds
  2 quokkas (D:1)
  A frilled lizard (D:1)
  A rat (D:1)
30 creatures vanquished.

Notes
Turn   | Place    | Note
-------+----------+-------------------------------------------
     0 | D:1      | Gadfly the Demonspawn Monk began the quest for the Orb.
     0 | D:1      | Reached XP level 1. HP: 18/18 MP: 1/1
   248 | D:1      | Gained mutation: You are partially covered in sharp spines.
                  | [demonic ancestry]
   248 | D:1      | Reached XP level 2. HP: 18/24 MP: 2/2
   339 | D:1      | Reached skill level 1 in Evocations
   485 | D:1      | Reached skill level 1 in Shapeshifting
   669 | D:1      | Found Buxa's General Store.
   681 | D:1      | Reached XP level 3. HP: 21/29 MP: 3/3
  1274 | D:2      | HP: 1/29 [gnoll/+0 spear (8)]
  1276 | D:2      | Mangled by a gnoll

Illustrated notes

Levels and vault maps discovered:
D:1:      sevenhm_arrival_forest_fort_large_4, layout_loops_corners,
          serial_shops, shop
D:2:      layout_loops_ring, basic_altar, uniq_sigmund

Skill      XL: |  1  2  3 |
---------------+----------+-----
Evocations     | 1 |  1.7
Shapeshifting  | 1 |  1.3
Dodging        | 3 |  3.0
Fighting       | |  3.0
Unarmed Combat | |  2.9

Action                     || total
---------------------------++-------
  Melee: Unarmed           ||    76
    Use: Scroll            ||     3
         Potion            ||     1
 Armour: Robe              ||    43
  Dodge: Dodged            ||    32
